 Dungeon Crawl Stone Soup version 0.30-a0-694-g3340775977 (webtiles) character file.

Game seed: 17467375401019992969

275 Dartaoz the Chopper (level 6, -1/47 HPs)
             Began as a Demonspawn Fighter on Jan 20, 2023.
             Killed from afar by an orc wizard (6 damage)
             ... with a magic dart
             ... on level 4 of the Dungeon.
             The game lasted 00:05:08 (2694 turns).

Dartaoz the Chopper (Demonspawn Fighter)            Turns: 2694, Time: 00:05:09

Health: -1/47      AC:  6    Str: 18    XL:     6   Next: 3%
Magic:  6/6        EV:  9    Int: 10    God:
Gold:   115        SH:  8    Dex: 12    Spells: 5/5 levels left

rFire   . . .      SeeInvis .    a - +0 war axe
rCold   + + .      Faith    .    c - +0 buckler
rNeg    . . .      Spirit   .    b - +0 scale mail
rPois   .          Reflect  .    (helmet restricted)
rElec   .          Harm     .    (no cloak)
rCorr   .          Rampage  .    (no gloves)
Will    .....      Rnd*Tele +    (no boots) Stlth
                                 (no amulet)
HPRegen 0.27/turn                (no ring)
MPRegen 0.10/turn                (no ring)

@: attractive
A: antennae 1, foul stench 1, condensation shield, cold resistance 2, mutation
resistance 1, teleportitis 1
a: no special abilities


You were on level 4 of the Dungeon.
You visited 1 branch of the dungeon, and saw 4 of its levels.

You collected 115 gold pieces.

Inventory:

Hand Weapons
 a - a +0 war axe (weapon)
Armour
 b - a +0 scale mail (worn)
 c - a +0 buckler (worn)
Scrolls
 g - 2 scrolls of enchant armour {unknown}
 h - 3 scrolls of blinking {unknown}
 i - 4 scrolls of identify {unknown}
 k - 2 scrolls of noise {unknown}
 l - 2 scrolls of teleportation {unknown}
 n - a scroll of enchant weapon {unknown}
Potions
 d - 3 potions of might
 e - a potion of flight {unknown}
 f - a potion of curing
 j - 2 potions of attraction
 m - a potion of berserk rage {unknown}
 o - a potion of lignification {unknown}
 p - a potion of mutation
 q - 2 potions of degeneration {unknown}


   Skills:
 - Level 3.0 Fighting
 + Level 5.8 Axes
 - Level 2.6 Armour
 - Level 2.6 Shields


You had 5 spell levels left.
You didn't know any spells.
Your spell library contained the following spells:

 Spells                   Type           Power      Damage    Failure   Level
 Ensorcelled Hibernation  Hex/Ice        0%         N/A       94%         2
 Spider Form              Tmut/Pois      0%         N/A       99%         3
 Anguish                  Hex/Necr       0%         N/A       100%        4
 Alistair's Intoxication  Tmut/Pois      0%         N/A       100%        5
 Borgnjor's Vile Clutch   Necr/Erth      0%         N/A       100%        5
 Eringya's Noxious Bog    Tmut/Pois      0%         N/A       100%        6


Dungeon Overview and Level Annotations

Branches:
Dungeon (4/15)
 Temple: D:4-7

Altars:
Gozag
Uskayaw


Innate Abilities, Weirdness & Mutations

You have a pair of small antennae on your head.
You may rarely emit foul miasma when damaged in melee.
A meltable shield of frost defends you. (SH +4)
Your flesh is very cold resistant. (rC++)
You are somewhat resistant to further mutation.
You are occasionally teleported next to monsters.


Message History

The orc priest is almost dead.
The orc priest invokes the aid of Beogh against you.
Beogh smites you!
* * * LOW HITPOINT WARNING * * *
You barely miss the orc priest.
The orc priest is almost dead.
The orc priest hits you but does no damage.
It was a potion of attraction.
You feel attractive to monsters. The orc closely misses you.
It was a potion of curing.
You feel better. The orc closely misses you.
You closely miss the orc. The orc hits you with a +0 flail.
* * * LOW HITPOINT WARNING * * *
It was a potion of mutation.
You feel extremely strange.
You feel resistant to cold.
You feel more resistant to cold.
You feel weirdly uncertain.
You feel genetically stable. The orc hits you but does no damage.
Autopickup is now on.
You slash the orc!
You kill the orc!
The orc priest looks satisfied for a moment.
The orc priest is attracted toward you.
You closely miss the orc priest.
The orc priest is almost dead.
The orc priest calls down the wrath of Beogh upon you.
You barely resist. You slash the orc priest!
You kill the orc priest!
You have reached level 6!
Deactivating autopickup; reactivate with Ctrl-A.
You closely miss something. Something hits you.
* * * LOW HITPOINT WARNING * * *
You closely miss something. Something hits you but does no damage.
You miss something. Something hits you.
* * * LOW HITPOINT WARNING * * *
You slash something! Something hits you but does no damage.
You hear some strange, mumbled words.
A magic dart appears from out of thin air!
The magic dart hits you.
You die...

### #.# #.. .####
#.# ......#.#
#....#.#######
#.....o.>..... #{#
############ #@#
#........... #.#
#.########## #.#
#.#.......). #.#
#.###..##### #.#
#......†....
#.#####..##...####
#........##...# #
#######...#...# #
###)#...# #


You could see an orc.

Vanquished Creatures
  A scorpion (D:4)
  A jelly (D:4)
  An orc priest (D:4)
  Robin (D:2)
  5 adders
  2 dart slugs
  11 orcs
  11 ball pythons
  2 endoplasms (D:1)
  17 goblins
  8 hobgoblins
  2 kobolds
  3 quokkas
  9 bats
  3 frilled lizards
  4 rats
81 creatures vanquished.

Notes
Turn   | Place    | Note
-------+----------+-------------------------------------------
     0 | D:1      | Dartaoz the Demonspawn Fighter began the quest for the Orb.
     0 | D:1      | Reached XP level 1. HP: 18/18 MP: 1/1
    16 | D:1      | Found a faded altar of an unknown god.
    23 | D:1      | Reached skill level 2 in Axes
   269 | D:1      | Gained mutation: You have a pair of small antennae on your
                  | head. [demonic ancestry]
   269 | D:1      | Reached XP level 2. HP: 24/24 MP: 2/2
   376 | D:1      | Reached skill level 3 in Axes
   625 | D:1      | Reached XP level 3. HP: 25/29 MP: 3/3
  1071 | D:2      | Found an opulent altar of Gozag.
  1088 | D:2      | Noticed Robin
  1096 | D:2      | Killed Robin
  1230 | D:2      | Reached skill level 4 in Axes
  1230 | D:2      | Gained mutation: A meltable shield of frost defends you.
                  | (SH +4) [demonic ancestry]
  1230 | D:2      | Reached XP level 4. HP: 33/35 MP: 4/4
  1894 | D:3      | Found a hide-covered altar of Uskayaw.
  2312 | D:3      | Gained mutation: You may rarely emit foul miasma when
                  | damaged in melee. [demonic ancestry]
  2312 | D:3      | Reached XP level 5. HP: 41/41 MP: 5/5
  2459 | D:4      | Reached skill level 5 in Axes
  2687 | D:4      | Gained mutation: Your flesh is cold resistant. (rC+)
                  | [potion of mutation]
  2687 | D:4      | Gained mutation: Your flesh is very cold resistant. (rC++)
                  | [potion of mutation]
  2687 | D:4      | Gained mutation: You are occasionally teleported next to
                  | monsters. [potion of mutation]
  2687 | D:4      | Gained mutation: You are somewhat resistant to further
                  | mutation. [potion of mutation]
  2691 | D:4      | Reached XP level 6. HP: 7/47 MP: 6/6
  2694 | D:4      | Killed from afar by an orc wizard

Illustrated notes

Levels and vault maps discovered:
D:1:      spicycebolla_arrival_xxxplode, layout_basic,
          nicolae_ecumenical_snake_handling, chequers_serial_rivers_small_b,
          hex_large, minmay_pentomino_u4
D:2:      minmay_alternating_diamond, layout_loops_ring, basic_altar, uniq_robin
D:3:      layout_basic, eat_drink_and_be_merry_uskayaw
D:4:      layout_basic, minmay_quadrilaterals, uniq_crazy_yiuf_cottage

Skill      XL: |  1  2  3  4  5 |
---------------+----------------+-----
Axes           | 2 3 4 5 |  5.8
Fighting       | |  3.0
Armour         | |  2.6
Shields        | |  2.6

Action                   |  1- 3 |  4- 6 || total
-------------------------+-------+-------++-------
Melee: War axe           |    87 |   162 ||   249
  Use: Potion            |       |     3 ||     3
Armor: Scale mail        |    57 |    68 ||   125
Dodge: Dodged            |    29 |    52 ||    81
Block: Buckler           |    21 |    69 ||    90

Table legend: (Time is in decaauts)
 A = Elapsed time spent in this place.
 B = Non-inter-level travel time spent in this place.
 C = Inter-level travel time spent in this place.
 D = Time resting spent in this place.
 E = Time spent auto-exploring this place.
 F = Levels seen in this place.
 G = Mean time per level.
                   A        B        C        D        E       F      G
               +--------+--------+--------+--------+--------+-----+--------+
         Total |   2780 |   2682 |     98 |      0 |   2165 |   4 |  695.0 |
       Dungeon |   2780 |   2682 |     98 |      0 |   2165 |   4 |  695.0 |
               +--------+--------+--------+--------+--------+-----+--------+

Top non-repeatable levels by time:
     D:1: 944 daAuts
     D:2: 836 daAuts
     D:3: 736 daAuts
     D:4: 263 daAuts
